 Dungeon Crawl Stone Soup version 0.29-a0-993-g4a18f31a58 (webtiles) character file.

Game seed: 8792841999676460251

4848 concernfroge the Fighter (level 10, -4/85 HPs)
             Began as a Mummy Monk on Aug 3, 2022.
             Was a Priest of Cheibriados.
             Slain by Urug the torpor snail (13 damage)
             ... on level 10 of the Dungeon.
             The game lasted 00:34:56 (10605 turns).

concernfroge the Fighter (Mummy Monk)              Turns: 10605, Time: 00:34:57

Health: -4/85      AC: 12    Str: 25    XL:     10   Next: 25%
Magic:  3/14       EV:  7    Int: 16    God:    Cheibriados [***...]
Gold:   376        SH:  4    Dex: 20    Spells: 9/9 levels left

rFire   x . .      SeeInvis +   h - +2 trident (vorpal)
rCold   + . .      Faith    +   t - +0 buckler
rNeg    + + +      Spirit   .   q - +0 plate armour
rPois   ∞          Reflect  .   d - +0 helmet
rElec   .          Harm     .   i - scarf {repulsion}
rCorr   .          Rampage  .   (no gloves)
Will    ++...                   o - +0 pair of boots
Stlth   ..........              k - amulet of faith
HPRegen 0.24/turn               e - ring of willpower
MPRegen 0.14/turn               s - ring of see invisible

@: slowed, repel missiles, very slow
A: cold resistance 1, negative energy resistance 3, torment resistance 2, heat
vulnerability 1, in touch with death 1, no potions
a: Renounce Religion, Bend Time, Temporal Distortion


You were on level 10 of the Dungeon.
You worshipped Cheibriados.
Cheibriados was most pleased with you.
You visited 2 branches of the dungeon, and saw 11 of its levels.

You collected 425 gold pieces.
You spent 49 gold pieces at shops.

Inventory:

Hand Weapons
 h - a +2 vorpal trident (weapon)
 l - a +0 longbow
Missiles
 j - 14 javelins
 n - 19 poisoned darts
Armour
 d - a +0 helmet (worn)
 i - a scarf of repulsion (worn)
 o - a +0 pair of boots (worn)
 q - a +0 plate armour (worn)
 t - a +0 buckler (worn)
Jewellery
 e - a ring of willpower (left hand)
 k - an amulet of faith (around neck)
 p - a ring of flight
 s - a ring of see invisible (right hand)
Wands
 r - a wand of flame (22)
 u - a wand of polymorph (6)
 v - a wand of iceblast (7)
Scrolls
 a - 2 scrolls of noise
 g - 4 scrolls of identify
 w - a scroll of brand weapon


   Skills:
 - Level 10.0 Fighting
 + Level 8.4 Polearms
 - Level 2.4 Dodging
 - Level 1.5 Stealth
 + Level 6.4 Invocations


You had 9 spell levels left.
You didn't know any spells.
Your spell library contained the following spells:

 Spells                   Type           Power      Damage    Failure   Level
 Blink                    Tloc           0%         N/A       100%        2
 Conjure Flame            Conj/Fire      0%         6-21      100%        3
 Lesser Beckoning         Tloc           0%         N/A       100%        3
 Iskenderun's Mystic Bla  Conj/Tloc      0%         2d3       100%        4
 Fireball                 Conj/Fire      0%         3d3       100%        5
 Manifold Assault         Tloc           0%         N/A       100%        5
 Ignition                 Fire           0%         3d3       100%        8


Dungeon Overview and Level Annotations

Branches:
Dungeon (10/15)            Temple (1/1) D:4
   Lair: D:8-11         Orc: D:9-12

Altars:
Ashenzari
Cheibriados
Dithmenos
Fedhas
Hepliaklqana
Kikubaaqudgha
Makhleb
Nemelex Xobeh
Qazlal
Ru
Sif Muna
Trog
Vehumet
Wu Jian
Xom
Yredelemnul

Shops:
D:2 (

Annotations:
D:4 4 runed translucent doors, 1 transporter, Edmund; Yogidamonk's ghost, amateur MiHu
D:9 Maggie
D:10 Urug


Innate Abilities, Weirdness & Mutations

You are immune to poison.
Your flesh is cold resistant. (rC+)
You are immune to negative energy. (rN+++)
You are immune to unholy pain and torment.
You are vulnerable to heat. (rF-)
You are in touch with the powers of death.
You do not drink.


Message History

Your killer bee closely misses Urug.
Your killer bee stings Urug.
Urug hits your killer bee!
Your killer bee is skewered by barbed spikes.
Your killer bee stings Urug but does no damage.
Your killer bee closely misses Urug. x2
Your killer bee dies!
Okay, then.
Okay, then.
Okay, then.
Aiming: Polymorph
Press: ? - help, Shift-Dir - straight line, f/p - Urug
Aim: Urug the steelbarb worm (lightly wounded, will become a swamp worm, a torpor snail, or a boulder beetle, chance to affect: 57%) Urug resists with significant effort.
Aiming: Polymorph
Press: ? - help, Shift-Dir - straight line, f/p - Urug
Aim: Urug the steelbarb worm (lightly wounded, will become a swamp worm, a torpor snail, or a boulder beetle, chance to affect: 57%) Urug the steelbarb worm evaporates and reforms as a torpor snail!
Okay, then.
Okay, then.
Aiming: Polymorph
Press: ? - help, Shift-Dir - straight line, f/p - Urug
Aim: Urug the torpor snail (will become a snapping turtle, a moth of wrath, or a sea snake, chance to affect: 7%)
Okay, then.
Okay, then.
Okay, then.
Reach: h) +2 trident (vorpal)
Press: ? - help, Dir - move target, f/p - Urug
Aim: Urug the torpor snail (about 6% to evade your +2 vorpal trident)
Okay, then.
Okay, then.
Okay, then.
Okay, then.
You puncture Urug!
Urug is moderately wounded.
Urug barely misses you.
Being near Urug leaves you feeling lethargic.
You puncture Urug!
Urug is heavily wounded.
Urug bites you!
You die...

..##+#########+###
......?<†.@.......
.....†...w........
..................
..................
......†...........
.....).###########
....... ###!...


You could see Urug the torpor snail.

Vanquished Creatures
  A centaur warrior (D:8)
  An ugly thing (D:8)
  A troll (D:8)
  Grinder (D:6)
  A slime creature (D:8)
  Eustachio (D:5)
  A wyvern (D:8)
  A steam dragon (D:4)
  A water moccasin (D:7)
  Duvessa (D:4)
  An orc warrior (D:7)
  4 ice beasts
  A centaur (D:7)
  A phantom (D:6)
  4 scorpions
  A necrophage (D:7)
  2 bullfrogs
  A gnoll sergeant (D:8)
  11 wights
  3 killer bees (D:10)
  A howler monkey (D:4)
  2 hounds
  2 jellies
  3 orc priests
  Terence (D:2)
  3 iguanas
  5 orc wizards
  13 adders
  4 gnolls (D:8)
  A white imp (D:6)
  2 ufetubi (D:7)
  3 worms
  2 dart slugs
  24 orcs
  5 endoplasms
  5 giant cockroaches
  9 goblins
  6 hobgoblins
  8 jackals
  4 kobolds
  3 quokkas
  6 ball pythons
  6 bats
  6 frilled lizards
  4 rats (D:3)
  2 bushes (D:2)
169 creatures vanquished.

Vanquished Creatures (collateral kills)
  A killer bee (D:10)
  A gnoll bouda (D:7)
  An orc (D:7)
3 creatures vanquished.

Vanquished Creatures (others)
  A steam dragon (D:8)
  A wight (D:7)
  2 killer bees (D:10)
  A gnoll (D:8)
  2 orcs
  4 fungi (D:6)
  20 plants (D:3)
31 creatures vanquished.

Grand Total: 203 creatures vanquished

Notes
Turn   | Place    | Note
-------+----------+-------------------------------------------
     0 | D:1      | concernfroge the Mummy Monk began the quest for the Orb.
     0 | D:1      | Reached XP level 1. HP: 18/18 MP: 1/1
   764 | D:1      | Reached XP level 2. HP: 23/24 MP: 2/2
  1087 | D:1      | Reached skill level 4 in Fighting
  1401 | D:1      | Found a faded altar of an unknown god.
  1437 | D:1      | Gained mutation: You are in touch with the powers of death.
                  | [Mummy growth]
  1437 | D:1      | Reached XP level 3. HP: 30/30 MP: 3/3
  2065 | D:2      | Found Kippe's Weapon Shoppe.
  2399 | D:2      | Noticed Terence
  2733 | D:2      | Reached skill level 5 in Fighting
  2733 | D:2      | Reached XP level 4. HP: 36/39 MP: 4/4
  2866 | D:2      | Killed Terence
  3118 | D:2      | Bought a +0 trident for 49 gold pieces
  3760 | D:3      | Reached XP level 5. HP: 43/46 MP: 5/5
  3863 | D:3      | Reached skill level 6 in Fighting
  3947 | D:4      | Found a sacrificial altar of Ru.
  4066 | D:4      | Found a large runed translucent door.
  4066 | D:4      | Found a large runed translucent door.
  4088 | D:4      | Reached skill level 7 in Fighting
  4088 | D:4      | Reached XP level 6. HP: 35/55 MP: 6/6
  4300 | D:4      | Got Sif Muna's Guidebook on Searing Superposition
  4327 | D:4      | Found a large runed translucent door.
  4327 | D:4      | Found a large runed translucent door.
  4358 | D:4      | Found an ornate altar of the Wu Jian Council.
  4392 | D:4      | Identified the +9 dire flail of the Transparent God {holy,
                  | rN+++ Str+4 Int-3 SInv}
  4393 | D:4      | Noticed Yogidamonk's ghost (amateur MiHu)
  4616 | D:4      | Found a hazy altar of Hepliaklqana.
  4724 | D:4      | Noticed Edmund
  4813 | D:4      | Found a staircase to the Ecumenical Temple.
  4852 | Temple   | Entered the Ecumenical Temple
  5011 | D:4      | Noticed a steam dragon
  5022 | D:4      | Killed a steam dragon
  5023 | D:4      | Reached skill level 8 in Fighting
  5023 | D:4      | Reached XP level 7. HP: 15/62 MP: 7/7
  5379 | D:4      | Noticed Duvessa
  5399 | D:4      | Killed Duvessa
  5625 | D:4      | Found a transporter.
  5644 | D:5      | Entered Level 5 of the Dungeon
  5660 | D:5      | Reached skill level 9 in Fighting
  5725 | D:5      | Identified the +0 robe of Qyoxeol {rElec rCorr}
  5951 | D:5      | Found a bloodstained altar of Trog.
  5954 | D:5      | Found a sparkling altar of Nemelex Xobeh.
  6033 | D:5      | Noticed Eustachio
  6045 | D:5      | Killed Eustachio
  6284 | D:5      | Reached XP level 8. HP: 72/72 MP: 8/8
  6724 | D:6      | Reached skill level 10 in Fighting
  7166 | D:6      | Reached skill level 5 in Polearms
  7402 | D:6      | Found a snail-covered altar of Cheibriados.
  7413 | D:6      | Became a worshipper of Cheibriados the Contemplative
  7413 | D:6      | Reached * piety under Cheibriados
  7413 | D:6      | Reached ** piety under Cheibriados
  7748 | D:6      | Noticed Grinder
  7758 | D:6      | Killed Grinder
  7803 | D:6      | Found a shimmering blue altar of Sif Muna.
  8137 | D:7      | Reached XP level 9. HP: 47/78 MP: 6/10
  8818 | D:7      | Found a stormy altar of Qazlal.
  8824 | D:7      | Reached *** piety under Cheibriados
  9964 | D:8      | Noticed a green ugly thing
  9965 | D:8      | Noticed a troll
  9967 | D:8      | Noticed a brown ugly thing
  9968 | D:8      | Noticed a centaur warrior
  9972 | D:8      | Noticed a boulder beetle
  9974 | D:8      | Killed a green ugly thing
  9975 | D:8      | Reached skill level 5 in Invocations
  9975 | D:8      | Killed a troll
  9982 | D:8      | Reached XP level 10. HP: 28/85 MP: 2/14
 10245 | D:8      | Killed a centaur warrior
 10246 | D:8      | Found a basalt altar of Yredelemnul.
 10517 | D:8      | Noticed an ice dragon
 10517 | D:8      | a boulder beetle changed into an ice dragon
 10530 | D:8      | Noticed a boulder beetle
 10531 | D:8      | Noticed a death knight
 10567 | D:8      | Noticed a four-headed hydra
 10569 | D:9      | Noticed Maggie
 10576 | D:10     | Entered Level 10 of the Dungeon
 10598 | D:10     | Noticed Urug
 10599 | D:10     | Noticed Urug
 10599 | D:10     | Urug changed into Urug the steelbarb worm
 10603 | D:10     | Noticed Urug
 10603 | D:10     | Urug the steelbarb worm changed into Urug the torpor snail
 10605 | D:10     | Slain by Urug the torpor snail

Illustrated notes

Levels and vault maps discovered:
D:1:      heliophobic_arrival_ceremonial_halls, layout_basic,
          shapermc_ecumenical_altar_ellora
D:2:      layout_basic, serial_shops, shop, fountainhead, minmay_hedge_maze,
          uniq_terence
D:3:      layout_rooms, serial_bayou, serial_bayou_lagoon_b,
          serial_bayou_pond_d, serial_bayou_crossing, serial_bayou_lake_a,
          minmay_quadrilaterals
D:4:      layout_gridville, nicolae_hepliaklqana_hippocampus,
          amcnicky_altar_gilded, nicolae_wu_jian_wuxing_cycle,
          minmay_temple_entry_drinking_statues, gammafunk_ghost_smash,
          minmay_hollow_rounded_squares, uniq_duvessa, uniq_edmund
D:5:      layout_basic, elyvilon_altar_4, minitemple, uniq_eustachio
D:6:      layout_basic, mainiacjoe_overflow_chevrons, kennysheep_slug_shrine,
          corexii_corridor_pit, uniq_grinder
D:7:      layout_loops_ring, nicolae_qazlal_scattered_showers,
          minmay_fractal_squares_gapless_5
D:8:      minmay_the_grid_four_pointed_star
          [minmay_the_grid_triangle_9x9_descending_squares,
          minmay_the_grid_triangle_9x9_empty,
          minmay_the_grid_triangle_9x9_empty,
          minmay_the_grid_triangle_9x9_zippers_horizontal,
          minmay_the_grid_prize_inner_circle], layout_layer_cave,
          mainiacjoe_overflow_24_doors
D:9:      layout_stronghold, pdpol_temple_overflow_zin_treasury_gozag_greed,
          general_overflow_altar, uniq_maggie
D:10:     layout_gridville, nicolae_uskayaw_en_pointe,
          erik_lair_orcish_takeover, david_orc_3, minmay_joined_circles,
          uniq_urug, uniq_harold
Temple:   nicolae_temple_godpark

Skill      XL: |  1  2  3  4  5  6  7  8  9 10 |
---------------+-------------------------------+-----
Fighting       | 4 5 7 8 9 10 | 10.0
Polearms       | 5 7 8 |  8.4
Invocations    | 2 5 6 |  6.4
Dodging        | |  2.4
Stealth        | |  1.5

Action                   |  1- 3 |  4- 6 |  7- 9 | 10-12 || total
-------------------------+-------+-------+-------+-------++-------
Melee: Spear             |    41 |       |       |       ||    41
       Quarterstaff      |    39 |       |       |       ||    39
       War axe           |   119 |     7 |       |       ||   126
       Punch             |     1 |       |     2 |       ||     3
       Trident           |       |   119 |   275 |    30 ||   424
Throw: Javelin           |     9 |       |     4 |       ||    13
       Dart              |     2 |     7 |    20 |       ||    29
Invok: Bend Time         |       |       |     5 |     2 ||     7
       Temporal Distorti |       |       |     2 |     3 ||     5
Evoke: Wand              |       |       |    15 |     8 ||    23
  Use: Scroll            |     4 |     9 |     4 |     4 ||    21
 Stab: Sleeping          |     2 |       |       |       ||     2
Armor: Robe              |    14 |       |       |       ||    14
       Chain mail        |    30 |    52 |    25 |       ||   107
       Plate armour      |       |       |   138 |    50 ||   188
Dodge: Dodged            |    68 |    40 |    94 |    24 ||   226
Block: Buckler           |       |       |     1 |    11 ||    12

Table legend: (Time is in decaauts)
 A = Elapsed time spent in this place.
 B = Non-inter-level travel time spent in this place.
 C = Inter-level travel time spent in this place.
 D = Time resting spent in this place.
 E = Time spent auto-exploring this place.
 F = Levels seen in this place.
 G = Mean time per level.
                   A        B        C        D        E       F      G
               +--------+--------+--------+--------+--------+-----+--------+
         Total |  11579 |  11013 |    566 |    910 |   8526 |  11 | 1052.6 |
       Dungeon |  11452 |  10898 |    554 |    910 |   8426 |  10 | 1145.2 |
        Temple |    127 |    115 |     12 |      0 |     99 |   1 |  127.0 |
               +--------+--------+--------+--------+--------+-----+--------+

Top non-repeatable levels by time:
     D:8: 1765 daAuts
     D:1: 1650 daAuts
     D:2: 1565 daAuts
     D:7: 1407 daAuts
     D:4: 1402 daAuts
     D:6: 1301 daAuts
     D:5: 1264 daAuts
     D:3: 1057 daAuts
  Temple: 127 daAuts
    D:10: 29 daAuts
     D:9: 9 daAuts
